 Dungeon Crawl Stone Soup version 0.20.1-1-g8b1a95d (webtiles) character file.

229 LiquoriceLizzard the Ruffian (level 5, -1/49 HPs)
             Began as a Troll Warper on Nov 3, 2017.
             Slain by a slave (7 damage)
             ... led by Pikel
             ... on level 4 of the Dungeon.
             The game lasted 00:14:33 (2494 turns).

LiquoriceLizzard the Ruffian (Troll Warper)         Turns: 2494, Time: 00:14:35

Health: -1/49      AC:  5    Str: 19    XL:     5   Next: 71%
Magic:  4/6        EV: 10    Int:  9    God:
Gold:   140        SH:  0    Dex: 10    Spells: 3/7 levels left

rFire    . . .     SeeInvis .     - Unarmed
rCold    . . .     Gourm    +   (no shield)
rNeg     . . .     Faith    .   a - +0 robe
rPois    .         Spirit   .   (helmet restricted)
rElec    .         Reflect  .   (no cloak)
rCorr    .         Harm     .   (gloves unavailable)
MR       .....                  (boots unavailable)
Stlth    +.........             (no amulet)
Regen    0.6/turn               (no ring)
MPRegen  0.1/turn               (no ring)

@: lethally poisoned (-1 -> -1)
A: unfitting armour, claws 3, fast metabolism 3, gourmand, regeneration 1,
shaggy fur 1, tough skin 2
a: no special abilities


You were on level 4 of the Dungeon.
You were not hungry.

You visited 1 branch of the dungeon, and saw 4 of its levels.

You collected 140 gold pieces.

Inventory:

Missiles
 d - 5 tomahawks of dispersal (quivered)
Armour
 a - a +0 robe (worn)
Jewellery
 g - an uncursed ring of ice {unknown}
 h - an uncursed ring of resist corrosion {unknown}
 m - an uncursed ring of stealth {unknown}
 t - a +5 amulet of reflection {unknown}
Wands
 x - a wand of confusion (27/48)
Scrolls
 c - a scroll of blinking
 i - a scroll of remove curse {unknown}
 l - a scroll of random uselessness {unknown}
 n - 2 scrolls of teleportation {unknown}
 o - 2 scrolls of magic mapping {unknown}
 p - 2 scrolls of identify {unknown}
 r - a scroll of fear {unknown}
 v - a scroll of immolation {unknown}
 y - 2 scrolls of enchant armour {unknown}
Potions
 e - a potion of ambrosia {unknown}
 k - a potion of magic {unknown}
 q - a potion of haste {unknown}
 s - 2 potions of might {unknown}
 u - a potion of flight {unknown}
 w - 2 potions of curing {unknown}
 A - a potion of agility {unknown}
Books
 b - a book of Spatial Translocations

   Spells                             Type                      Level
   a - Blink                          Translocation                2
   b - Shroud of Golubria             Charms/Translocation         2
   c - Lesser Beckoning               Translocation                3
   d - Gell's Gravitas                Translocation                3
   e - Teleport Other                 Translocation                3
   f - Passage of Golubria            Translocation                4
Comestibles
 f - 6 bread rations
 j - 4 meat rations
 z - 3 chunks of flesh


   Skills:
 + Level 1.9 Fighting
 + Level 0.8 Throwing
 + Level 3.1 Dodging
 - Level 0.3 Stealth
 + Level 4.5 Unarmed Combat
 + Level 1.6 Spellcasting
 + Level 0.1 Charms
 + Level 2.1 Translocations


You had 3 spell levels left.
You knew the following spells:

 Your Spells              Type           Power        Failure   Level  Hunger
a - Blink                 Tloc           N/A          22%         2    ###....
b - Shroud of Golubria    Chrm/Tloc      #.........   32%         2    ###....


Dungeon Overview and Level Annotations

Branches:
Dungeon (4/15)
 Temple: D:4-7

Altars:
Sif Muna
Vehumet
Xom
Yredelemnul

Annotations:
D:4 Pikel


Innate Abilities, Weirdness & Mutations

You are too large for most types of armour.
You have claws for hands.
Your metabolism is lightning-fast.
You like to eat raw meat.
Your natural rate of healing is unusually fast.
You are covered in fur. (AC +1)
You have very tough skin. (AC +2)


Message History

You miss Pikel. The adder bites you.
You are more poisoned.
The adder poisons you! The slave hits you. The leopard gecko bites you.
The slave hits you. The adder bites you.
You claw Pikel!
Pikel is heavily wounded.
You feel sick.
The leopard gecko bites you but does no damage.
Pikel cracks his whip.
Pikel hits you with a whip of flaming. Pikel burns you. The slave hits you.
* * * LOW HITPOINT WARNING * * *
The slave barely misses you. The adder bites you but does no damage.
You scratch Pikel.
Pikel is severely wounded.
You feel sick. The leopard gecko bites you.
* * * LOW HITPOINT WARNING * * *
The slave hits you.
* * * LOW HITPOINT WARNING * * *
The slave hits you!
You die...

...........### #....#.#
.#....####...####...#.#
.[....## ###...##...#.#
.#.....#######.##...#.##
.#####......[..........#
.# ###########...#.#.##
## ##............
##....pp....#.#
#....l@p%!.....
......pKS.......
............$...
................
.............###
.............#
####.....<...#
#.........#


You could see Pikel, 4 slaves, an adder and a leopard gecko.

Vanquished Creatures
  A phantom (D:3)
  A worker ant (D:2)
  4 adders
  2 oozes (D:1)
  A dart slug (D:3)
  3 leopard geckos
  2 orcs (D:3)
  2 ball pythons
  7 bats
  5 giant cockroaches
  3 goblins
  8 hobgoblins
  2 jackals (D:4)
  2 quokkas
  5 frilled lizards
  7 kobolds
  10 rats
65 creatures vanquished.

Notes
Turn   | Place    | Note
-------+----------+-------------------------------------------
     0 | D:1      | LiquoriceLizzard the Troll Warper began the quest for the Orb.
     0 | D:1      | Reached XP level 1. HP: 19/19 MP: 1/1
   168 | D:1      | Reached XP level 2. HP: 27/27 MP: 3/3
   539 | D:1      | Reached XP level 3. HP: 33/35 MP: 4/4
  1242 | D:2      | Found a deep blue altar of Sif Muna.
  1255 | D:2      | Learned a level 2 spell: Blink
  1302 | D:2      | Found a radiant altar of Vehumet.
  1334 | D:2      | Found a basalt altar of Yredelemnul.
  1355 | D:2      | Reached XP level 4. HP: 38/42 MP: 5/5
  1362 | D:2      | Learned a level 2 spell: Shroud of Golubria
  1557 | D:3      | Noticed a phantom
  1576 | D:3      | Reached skill level 3 in Unarmed Combat
  1734 | D:3      | Found a faded altar of an unknown god.
  2076 | D:3      | Killed a phantom
  2076 | D:3      | Reached skill level 4 in Unarmed Combat
  2076 | D:3      | Reached XP level 5. HP: 40/49 MP: 1/6
  2383 | D:4      | Found a shimmering altar of Xom.
  2485 | D:4      | Noticed a slave
  2486 | D:4      | Noticed Pikel
  2486 | D:4      | Noticed a slave
  2486 | D:4      | Noticed a slave
  2487 | D:4      | Noticed a slave
  2494 | D:4      | Slain by a slave

Skill      XL: |  1  2  3  4 |
---------------+-------------+-----
Dodging        | 2 3 |  3.1
Unarmed Combat | 4 |  4.5
Fighting       | |  1.9
Throwing       | |  0.8
Stealth        | |  0.3
Spellcasting   | |  1.6
Charms         | |  0.1
Translocations | |  2.1

Action                   |  1- 3 |  4- 6 || total
-------------------------+-------+-------++-------
Melee: Unarmed           |    88 |   132 ||   220
       Punch             |       |     1 ||     1
 Cast: Shroud of Golubri |       |     3 ||     3
 Stab: Sleeping          |       |     1 ||     1
  Eat: Chunk             |    17 |     7 ||    24
Armor: Robe              |    40 |    44 ||    84
Dodge: Dodged            |    45 |    66 ||   111
